3AAA
BRINKLEY BELUGAS @ HIALEAH DODOS
09/15/2025
 
TOP OF THE 1ST
Brinkley Belugas batting - Pitching for Hialeah Dodos : RHP Lucas Begay
Pitching: RHP Lucas Begay
Batting: RHB Steve Jones 0-0: Foul Ball, location: 2F
0-1: Ball
1-1: Ball
2-1: Foul Ball, location: 2F
2-2: Strikes out looking
Batting: RHB Jay Kidd 0-0: Called Strike
0-1: Swinging Strike
0-2: Ball
1-2: Strikes out looking
Batting: LHB Eric Porter 0-0: Ball
1-0: Called Strike
1-1: Ball
2-1: Fly out, F8 (Line Drive, 8RM)
Top of the 1st over - 0 run(s), 0 hit(s), 0 error(s), 0 left on base; Brinkley 0 - Hialeah 0
BOTTOM OF THE 1ST
Hialeah Dodos batting - Pitching for Brinkley Belugas : RHP Jean-François Chapon
Pitching: RHP Jean-François Chapon
Batting: RHB Diego Bonilla 0-0: Called Strike
0-1: Ground out 6-3 (Groundball, 6)
Batting: SHB Vincente Ybarra 0-0: Ball
1-0: Called Strike
1-1: Ball
2-1: Ball
3-1: Called Strike
3-2: Strikes out swinging
Batting: LHB Raúl Aguirre 0-0: Called Strike
0-1: SOLO HOME RUN (Flyball, 9D), Distance : 369 ft
Batting: LHB Álex Burgos 0-0: Ball
1-0: Swinging Strike
1-1: Swinging Strike
1-2: Foul Ball, location: 2F
1-2: Ball
2-2: Ball
3-2: Foul Ball, location: 2F
3-2: Foul Ball, location: 2F
3-2: Base on Balls
Batting: LHB Scott Janousek 0-0: Ball
1-0: Ball
2-0: Foul Ball, location: 2F
2-1: Swinging Strike
2-2: Fly out, F7 (Flyball, 7LSF)
Bottom of the 1st over - 1 run(s), 1 hit(s), 0 error(s), 1 left on base; Brinkley 0 - Hialeah 1
TOP OF THE 2ND
Brinkley Belugas batting - Pitching for Hialeah Dodos : RHP Lucas Begay
Batting: LHB Mario Nieves 0-0: Foul Ball, location: 2F
0-1: Fly out, F8 (Flyball, 8LD)
Batting: LHB Ubbe van Antwerpen 0-0: Called Strike
0-1: Ball
1-1: Swinging Strike
1-2: Strikes out swinging
Batting: RHB Roberto Ramírez 0-0: Called Strike
0-1: Swinging Strike
0-2: Ground out 6-3 (Groundball, 6M)
Top of the 2nd over - 0 run(s), 0 hit(s), 0 error(s), 0 left on base; Brinkley 0 - Hialeah 1
BOTTOM OF THE 2ND
Hialeah Dodos batting - Pitching for Brinkley Belugas : RHP Jean-François Chapon
Batting: LHB Perry Bothof 0-0: Called Strike
0-1: Ball
1-1: Called Strike
1-2: Ball
2-2: Ball
3-2: Strikes out looking
Batting: RHB Vincente Rotham 0-0: Ball
1-0: Ball
2-0: Called Strike
2-1: Foul Ball, location: 2F
2-2: Ball
3-2: Ground out 1-3 (Groundball, P)
Batting: RHB Javier Santos 0-0: Ball
1-0: Swinging Strike
1-1: Ball
2-1: Ball
3-1: Called Strike
3-2: Strikes out looking
Bottom of the 2nd over - 0 run(s), 0 hit(s), 0 error(s), 0 left on base; Brinkley 0 - Hialeah 1
TOP OF THE 3RD
Brinkley Belugas batting - Pitching for Hialeah Dodos : RHP Lucas Begay
Batting: LHB Jesús Reyes 0-0: Reached on error, E4 (Groundball, 4)
Batting: RHB Arnold Giroux 0-0: 2-RUN HOME RUN (Flyball, 78XD), Distance : 418 ft
Batting: SHB Noel King 0-0: Swinging Strike
0-1: Swinging Strike
0-2: Strikes out swinging
Batting: RHB Steve Jones 0-0: Ball
1-0: Ball
2-0: Ball
3-0: Called Strike
3-1: Base on Balls
Batting: RHB Jay Kidd 0-0: Ball
1-0: Ball
2-0: Called Strike
2-1: SINGLE (Line Drive, 34)
Steve Jones to second
Batting: LHB Eric Porter 0-0: Ground out 4-3 (Groundball, 4MS)
Steve Jones to third
Jay Kidd to second
Batting: LHB Mario Nieves 0-0: Ground out 2-3 (Groundball, 15S)
Top of the 3rd over - 2 run(s), 2 hit(s), 1 error(s), 2 left on base; Brinkley 2 - Hialeah 1
BOTTOM OF THE 3RD
Hialeah Dodos batting - Pitching for Brinkley Belugas : RHP Jean-François Chapon
Batting: RHB Daniel Ruíz 0-0: Ground out 5-3 (Groundball, 56)
Batting: RHB Diego Bonilla 0-0: Called Strike
0-1: Ball
1-1: Foul Ball, location: 2F
1-2: Ball
2-2: Foul Ball, location: 2F
2-2: Foul Ball, location: 2F
2-2: Foul Ball, location: 2F
2-2: Foul Ball, location: 2F
2-2: Ground out 4-3 (Groundball, 4S)
Batting: SHB Vincente Ybarra 0-0: Called Strike
0-1: Ball
1-1: Ball
2-1: Ball
3-1: Called Strike
3-2: Ground out U3 (Groundball, 34)
Bottom of the 3rd over - 0 run(s), 0 hit(s), 0 error(s), 0 left on base; Brinkley 2 - Hialeah 1
TOP OF THE 4TH
Brinkley Belugas batting - Pitching for Hialeah Dodos : RHP Lucas Begay
Batting: LHB Ubbe van Antwerpen 0-0: Swinging Strike
0-1: Ball
1-1: Ball
2-1: Ground out 4-3 (Groundball, 4)
Batting: RHB Roberto Ramírez 0-0: Foul Ball, location: 2F
0-1: Foul Ball, location: 2F
0-2: Ball
1-2: Strikes out swinging
Batting: LHB Jesús Reyes 0-0: Called Strike
0-1: Ball
1-1: Ball
2-1: Called Strike
2-2: Ground out 6-3 (Groundball, 6)
Top of the 4th over - 0 run(s), 0 hit(s), 0 error(s), 0 left on base; Brinkley 2 - Hialeah 1
BOTTOM OF THE 4TH
Hialeah Dodos batting - Pitching for Brinkley Belugas : RHP Jean-François Chapon
Batting: LHB Raúl Aguirre 0-0: Ground out 4-3 (Groundball, 4S)
Batting: LHB Álex Burgos 0-0: Ground out U3 (Groundball, 3)
Batting: LHB Scott Janousek 0-0: Foul Ball, location: 2F
0-1: Ball
1-1: DOUBLE (Line Drive, 7LM)
Batting: LHB Perry Bothof 0-0: Called Strike
0-1: Ball
1-1: Foul Ball, location: 2F
1-2: Ball
2-2: Ball
3-2: SINGLE (Groundball, 34D)
Scott Janousek to third
Scott Janousek scores
Batting: RHB Vincente Rotham 0-0: Called Strike
0-1: Called Strike
0-2: SINGLE (Flyball, 7S)
Perry Bothof to second
Batting: RHB Javier Santos 0-0: Fly out, F4 (Popup, 4D)
Bottom of the 4th over - 1 run(s), 3 hit(s), 0 error(s), 2 left on base; Brinkley 2 - Hialeah 2
TOP OF THE 5TH
Brinkley Belugas batting - Pitching for Hialeah Dodos : RHP Lucas Begay
Batting: RHB Arnold Giroux 0-0: Swinging Strike
0-1: Ball
1-1: Foul Ball, location: 2F
1-2: Fly out, F3 (Line Drive, 3L)
Batting: SHB Noel King 0-0: Ground out 6-3 (Groundball, 6)
Batting: RHB Steve Jones 0-0: Foul Ball, location: 2F
0-1: Ball
1-1: Called Strike
1-2: Strikes out swinging
Top of the 5th over - 0 run(s), 0 hit(s), 0 error(s), 0 left on base; Brinkley 2 - Hialeah 2
BOTTOM OF THE 5TH
Hialeah Dodos batting - Pitching for Brinkley Belugas : RHP Jean-François Chapon
Batting: RHB Daniel Ruíz 0-0: Ball
1-0: Called Strike
1-1: Ball
2-1: Fly out, F8 (Flyball, 8LM)
Batting: RHB Diego Bonilla 0-0: Swinging Strike
0-1: Ball
1-1: Ball
2-1: Foul Ball, location: 2F
2-2: Ground out 4-3 (Groundball, 4)
Batting: SHB Vincente Ybarra 0-0: Called Strike
0-1: Ball
1-1: Ball
2-1: Ball
3-1: Base on Balls
Batting: LHB Raúl Aguirre 0-0: Called Strike
0-1: Ball
1-1: Called Strike
1-2: Ball
2-2: Ball
3-2: Base on Balls
Vincente Ybarra to second
Batting: LHB Álex Burgos 0-0: Swinging Strike
0-1: SINGLE (Groundball, 6MD)
Vincente Ybarra to third
Raúl Aguirre to second
Runner from 3rd tries for Home, SAFE, no throw
Batting: LHB Scott Janousek 0-0: Called Strike
0-1: Called Strike
0-2: Ball
1-2: DOUBLE (Line Drive, 9LM)
Raúl Aguirre scores
Álex Burgos to third
Runner from 3rd tries for Home, SAFE, no throw
Batting: LHB Perry Bothof 0-0: Fly out, F8 (Flyball, 8LS)
Bottom of the 5th over - 3 run(s), 2 hit(s), 0 error(s), 1 left on base; Brinkley 2 - Hialeah 5
TOP OF THE 6TH
Brinkley Belugas batting - Pitching for Hialeah Dodos : RHP Lucas Begay
Batting: RHB Jay Kidd 0-0: Fly out, F8 (Line Drive, 8RM)
Batting: LHB Eric Porter 0-0: Swinging Strike
0-1: Ball
1-1: Fly out, F8 (Flyball, 8LD)
Batting: LHB Mario Nieves 0-0: Called Strike
0-1: Ball
1-1: SINGLE (Groundball, 34D)
Pitching: RHP Jim Unknown
Batting: LHB Ubbe van Antwerpen 0-0: Called Strike
0-1: Ball
1-1: Foul Ball, location: 2F
1-2: Strikes out swinging
Top of the 6th over - 0 run(s), 1 hit(s), 0 error(s), 1 left on base; Brinkley 2 - Hialeah 5
BOTTOM OF THE 6TH
Hialeah Dodos batting - Pitching for Brinkley Belugas : RHP Jean-François Chapon
Batting: RHB Vincente Rotham 0-0: Foul Ball, location: 2F
0-1: Reached on error, E4 (Groundball, 4)
Batting: RHB Javier Santos 0-0: Ball
Vincente Rotham steals 2nd base
1-0: Intentional Walk
Batting: RHB Daniel Ruíz 0-0: Sac Bunt - play at first, batter OUT! U3
Vincente Rotham to third
Javier Santos to second
Batting: RHB Diego Bonilla 0-0: Ball
1-0: Foul Ball, location: 2F
1-1: Foul Ball, location: 2F
1-2: Foul Ball, location: 2F
1-2: SINGLE (Line Drive, 4MD)
Vincente Rotham scores
Javier Santos to third
Batting: SHB Vincente Ybarra 0-0: Ball
1-0: Foul Ball, location: 2F
1-1: Fielders Choice at 2nd, 4-6 (Groundball, 34)
Javier Santos scores
Pitching: LHP Dan McBride
Batting: LHB Raúl Aguirre 0-0: Swinging Strike
0-1: Ball
1-1: SINGLE (Line Drive, 4MD)
Vincente Ybarra to second
Batting: LHB Álex Burgos 0-0: Fly out, F7 (Flyball, 78S)
Bottom of the 6th over - 2 run(s), 2 hit(s), 1 error(s), 2 left on base; Brinkley 2 - Hialeah 7
TOP OF THE 7TH
Brinkley Belugas batting - Pitching for Hialeah Dodos : RHP Jim Unknown
Batting: RHB Roberto Ramírez 0-0: Ball
1-0: Ground out 5-3 (Groundball, 56S)
Batting: LHB Jesús Reyes 0-0: Ball
1-0: Called Strike
1-1: Foul Ball, location: 2F
1-2: Foul Ball, location: 2F
1-2: Foul Ball, location: 2F
1-2: Ball
2-2: Ball
3-2: Base on Balls
Batting: RHB Arnold Giroux 0-0: Ball
1-0: Ball
2-0: Ball
3-0: Called Strike
3-1: Foul Ball, location: 2F
3-2: Strikes out swinging
Batting: SHB Noel King 0-0: Ball
Jesús Reyes steals 2nd base
1-0: Ball
2-0: Swinging Strike
2-1: Fly out, F9 (Flyball, 9D)
Top of the 7th over - 0 run(s), 0 hit(s), 0 error(s), 1 left on base; Brinkley 2 - Hialeah 7
BOTTOM OF THE 7TH
Hialeah Dodos batting - Pitching for Brinkley Belugas : LHP Dan McBride
Batting: LHB Scott Janousek 0-0: Swinging Strike
0-1: Swinging Strike
0-2: Ball
1-2: Foul Ball, location: 2F
1-2: Strikes out swinging
Batting: LHB Perry Bothof 0-0: Ball
1-0: Foul Ball, location: 2F
1-1: Fly out, F8 (Flyball, 8RM)
Batting: RHB Vincente Rotham 0-0: Ball
1-0: Foul Ball, location: 2F
1-1: Fly out, F7 (Flyball, 7S)
Bottom of the 7th over - 0 run(s), 0 hit(s), 0 error(s), 0 left on base; Brinkley 2 - Hialeah 7
TOP OF THE 8TH
Brinkley Belugas batting - Pitching for Hialeah Dodos : RHP Jim Unknown
Batting: RHB Steve Jones 0-0: Ball
1-0: Called Strike
1-1: Swinging Strike
1-2: Ball
2-2: Foul Ball, location: 2F
2-2: Ground out 5-3 (Groundball, 56)
Batting: RHB Jay Kidd 0-0: Ball
1-0: Ball
2-0: Ball
3-0: Called Strike
3-1: Base on Balls
Batting: LHB Eric Porter 0-0: Ball
1-0: Ball
2-0: Swinging Strike
2-1: Ball
3-1: Fly out, F7 (Flyball, 78S)
Batting: LHB Mario Nieves 0-0: TRIPLE (Line Drive, 9LM)
Jay Kidd scores
Batting: LHB Ubbe van Antwerpen 0-0: Ball
1-0: Called Strike
1-1: DOUBLE (Line Drive, 3D)
Mario Nieves scores
Pitching: RHP Connor Phelps
Batting: RHB Roberto Ramírez 0-0: Called Strike
0-1: Ball
1-1: Ball
2-1: Foul Ball, location: 2F
2-2: SINGLE (Line Drive, 56D)
Ubbe van Antwerpen to third
Batting: LHB Jesús Reyes 0-0: Ball
1-0: Called Strike
1-1: Foul Ball, location: 2F
1-2: Ground out 5-3 (Groundball, 5D)
Top of the 8th over - 2 run(s), 3 hit(s), 0 error(s), 2 left on base; Brinkley 4 - Hialeah 7
BOTTOM OF THE 8TH
Hialeah Dodos batting - Pitching for Brinkley Belugas : LHP Dan McBride
Batting: RHB Javier Santos 0-0: Ball
1-0: Called Strike
1-1: Fly out, F8 (Flyball, 8RM)
Batting: RHB Daniel Ruíz 0-0: Ball
1-0: Ball
2-0: Ball
3-0: Called Strike
3-1: Called Strike
3-2: Base on Balls
Batting: RHB Diego Bonilla 0-0: Fly out, F9 (Flyball, 9S)
Batting: SHB Vincente Ybarra 0-0: Ball
1-0: Fielders Choice at 2nd, 5-4 (Groundball, 56)
Bottom of the 8th over - 0 run(s), 0 hit(s), 0 error(s), 0 left on base; Brinkley 4 - Hialeah 7
TOP OF THE 9TH
Brinkley Belugas batting - Pitching for Hialeah Dodos : RHP Connor Phelps
Pitching: RHP Jim Unknown
Batting: RHB Arnold Giroux 0-0: Called Strike
0-1: Ball
1-1: Ball
2-1: Foul Ball, location: 2F
2-2: SINGLE (Flyball, 8RS)
Batting: SHB Noel King 0-0: Ball
1-0: Called Strike
1-1: SINGLE (Flyball, 7LS)
Arnold Giroux to second
Pinch Hitting: RHB Brandon Cole 0-0: Called Strike
0-1: Swinging Strike
0-2: Ball
1-2: Strikes out swinging
Pinch Hitting: LHB Marcos Deleón 0-0: Called Strike
0-1: Called Strike
0-2: Strikes out looking
Batting: LHB Eric Porter 0-0: Ball
1-0: Called Strike
1-1: Ball
2-1: Foul Ball, location: 2F
2-2: DOUBLE (Line Drive, 8RXD)
Arnold Giroux scores
Noel King to third
Runner from 3rd tries for Home, SAFE, no throw
Batting: LHB Mario Nieves 0-0: Called Strike
0-1: SINGLE (Groundball, 34D)
Eric Porter to third
Runner from 3rd tries for Home, SAFE, no throw
Pitching: LHP Jim Unknown
Batting: LHB Ubbe van Antwerpen 0-0: Swinging Strike
0-1: Foul Ball, location: 2F
0-2: Ball
1-2: Ball
2-2: Ball
3-2: Fly out, F9 (Flyball, 89M)
Top of the 9th over - 3 run(s), 4 hit(s), 0 error(s), 1 left on base; Brinkley 7 - Hialeah 7
BOTTOM OF THE 9TH
Hialeah Dodos batting - Pitching for Brinkley Belugas : LHP Dan McBride
Now at 3B: Brandon Cole
Now in RF: Manny Carbajal
Pinch Hitting: RHB Lorenzo Ramírez 0-0: Ground out 5-3 (Groundball, 56)
Batting: LHB Álex Burgos 0-0: Called Strike
0-1: Swinging Strike
0-2: Ball
1-2: Strikes out swinging
Pinch Hitting: RHB Alexis Smeddon 0-0: Swinging Strike
0-1: Ball
1-1: Foul Ball, location: 2F
1-2: Ball
2-2: Ball
3-2: Foul Ball, location: 2F
3-2: SINGLE (Line Drive, 78M)
Batting: LHB Perry Bothof 0-0: Ball
1-0: Foul Ball, location: 2F
1-1: Ball
2-1: Ground out U3 (Groundball, 3)
Bottom of the 9th over - 0 run(s), 1 hit(s), 0 error(s), 1 left on base; Brinkley 7 - Hialeah 7
TOP OF THE 10TH
Brinkley Belugas batting - Pitching for Hialeah Dodos : LHP Jim Unknown
Now at 1B: Lorenzo Ramírez
Now in RF: Alexis Smeddon
Batting: RHB Roberto Ramírez 0-0: Called Strike
0-1: Called Strike
0-2: Foul Ball, location: 2F
0-2: Ball
1-2: Ball
2-2: Ground out 5-3 (Groundball, 5)
Pinch Hitting: RHB Tom Christensen 0-0: DOUBLE (Line Drive, 9LM)
Batting: RHB Arnold Giroux 0-0: Intentional Walk
Pinch Hitting: RHB Randy Tucker 0-0: Ball
1-0: Swinging Strike
1-1: Fly out, F2 (Popup, 2L)
Batting: RHB Brandon Cole 0-0: Ball
1-0: Ball
2-0: Ball
3-0: Base on Balls
Tom Christensen to third
Arnold Giroux to second
Batting: RHB Manny Carbajal 0-0: SINGLE (Groundball, 6MD)
Tom Christensen scores
Arnold Giroux to third
Brandon Cole to second
Runner from 3rd tries for Home, SAFE, no throw
Batting: LHB Eric Porter 0-0: Ball
1-0: Ball
2-0: Ball
3-0: Called Strike
3-1: Called Strike
3-2: Strikes out looking
Top of the 10th over - 2 run(s), 2 hit(s), 0 error(s), 2 left on base; Brinkley 9 - Hialeah 7
BOTTOM OF THE 10TH
Hialeah Dodos batting - Pitching for Brinkley Belugas : LHP Dan McBride
Pitching: LHP Ramón García
Now in LF: Roberto Ruíz
Now in CF: Randy Tucker
Batting: RHB Vincente Rotham 0-0: Fly out, F8 (Flyball, 8RD)
Batting: RHB Javier Santos 0-0: Called Strike
0-1: Ball
1-1: Ground out 4-3 (Groundball, 4M)
Batting: RHB Daniel Ruíz 0-0: Ball
1-0: Ball
2-0: Called Strike
2-1: Ball
3-1: Ground out 5-3 (Groundball, 5S)
Bottom of the 10th over - 0 run(s), 0 hit(s), 0 error(s), 0 left on base; Brinkley 9 - Hialeah 7
Friday, December 30th, 2016 - OOTP Baseball 17.12 Build 75